Map: Dusk Towers

Players

Sacrilege - Winner!

  • Race: Zerg Zerg
  • League: Master

Jyostar

  • Race: Terran Terran
  • League: Grandmaster

VOD

Have the link to the VOD?

Description

Time

  • Played on: March 6, 2016, 3:35 p.m.
  • Length: 9:56
Show
View Real Time Build Order
Export as new Build Order

Sacrilege Zerg - Winner!

Build Orders: Hatch First, Muta Ling Bane 

Get SALT Encoding   

  12  0:01  Drone  
  13  0:12  Overlord  
  13  0:17  Drone  
  14  0:31  Drone x2  
  14  0:34  Drone  
  17  0:52  Hatchery  
  17  0:54  Drone  
  17  0:57  Drone  
  18  1:11  Spawning Pool  
  18  1:14  Drone  
  18  1:26  Drone  
  18  1:29  Drone  
  20  1:40  Hatchery  
  20  1:44  Drone  
  20  2:02  Queen  
  20  2:03  Queen  
  20  2:04  Zergling x2  
  20  2:07  Zergling x2  
  26  2:12  Drone  
  27  2:16  Drone  
  27  2:18  Extractor  
  27  2:20  Overlord  
  27  2:29  Drone  
  28  2:41  Queen  
  28  2:42  Queen  
  31  2:52  Drone x2  
  31  2:57  Drone  
  34  2:59  Drone  
  34  3:00  Drone x3  
  34  3:05  Queen  
  40  3:15  Overlord  
  40  3:23  Metabolic Boost  
  40  3:25  Drone  
  40  3:26  Drone  
  42  3:30  Overlord  
  42  3:34  Overlord  
  42  3:36  Drone  
  42  3:37  Drone x3  
  42  3:38  Drone  
  47  3:41  Extractor  
  46  3:54  Drone x2  
  46  3:55  Drone  
  49  4:02  Pneumatized Carapace  
  49  4:06  Drone  
  49  4:07  Drone x8  
  58  4:17  Overlord  
  58  4:22  Baneling Nest  
  57  4:29  Zergling x14  
  57  4:30  Zergling x4  
  66  4:31  Lair  
  66  4:46  Zergling x2  
  66  4:47  Zergling x6  
  66  4:49  Drone x4  
  66  4:50  Overlord  
  74  4:53  Overlord  
  74  4:54  Evolution Chamber x2  
  74  4:55  Drone x2  
  74  5:05  Drone x2  
  74  5:07  Overlord  
  74  5:14  Extractor x2  
  73  5:15  Extractor  
  73  5:17  Extractor  
  70  5:22  Drone x11  
  70  5:28  Zerg Ground Armor Level 1, Zerg Melee Weapons Level 1  
  81  5:42  Drone  
  82  5:43  Drone x2  
  82  5:44  Drone x2  
  82  5:45  Drone x3  
  82  5:48  Drone  
  82  5:49  Spire  
  89  5:50  Overlord  
  89  5:51  Overlord  
  89  6:09  Overlord  
  89  6:10  Hatchery  
  88  6:12  Centrifical Hooks  
  88  6:14  Hatchery  
  87  6:19  Overlord  
  87  6:20  Zergling x18  
  87  6:21  Zergling x2  
  87  6:22  Zergling x2  
  98  6:37  Overlord x2  
  98  6:43  Zergling x2  
  98  6:44  Zergling x10  
  104  7:03  Mutalisk, Overlord  
  104  7:04  Mutalisk x7  
  104  7:08  Overseer  
  120  7:18  Zerg Flyer Weapons Level 1  
  120  7:19  Mutalisk, Overlord x2  
  120  7:20  Mutalisk x3  
  128  7:25  Overlord  
  128  7:26  Overlord x2  
  128  7:32  Zergling x10  
  128  7:34  Baneling x4  
  128  7:35  Baneling x7  
  133  7:42  Drone x5  
  138  7:48  Mutalisk x2  
  142  8:01  Baneling  
  142  8:02  Baneling x8  
  140  8:11  Overlord  
  136  8:17  Zergling x2  
  136  8:18  Overlord, Zergling x34  
  154  8:23  Infestation Pit  
  154  8:25  Overlord  
  148  8:36  Zergling x2  
  148  8:37  Zergling x12  
  139  8:43  Zergling x4  
  139  8:44  Zergling x6  
  132  8:52  Zergling x2  
  132  8:53  Zergling x24  
  137  8:57  Zergling x2  
  138  9:02  Zergling x2  
  138  9:03  Zergling x6  
  137  9:10  Zergling x4  
  137  9:16  Mutalisk x3  
  144  9:22  Zergling x2  
  145  9:28  Zergling x18  
  145  9:30  Baneling x3  
  145  9:31  Baneling x9  
  154  9:33  Drone x3  
  154  9:35  Extractor  
  154  9:36  Extractor  
  155  9:39  Zergling x2  
Show
View Real Time Build Order
Export as new Build Order

Jyostar Terran 

Build Orders: Reaper Expand, MMM Bio 

Get SALT Encoding   

  12  0:01  SCV  
  13  0:13  SCV  
  14  0:18  Supply Depot  
  14  0:25  SCV  
  15  0:39  SCV  
  16  0:43  Barracks  
  16  0:48  Refinery  
  16  0:52  SCV  
  17  1:04  SCV  
  18  1:16  SCV  
  19  1:30  Orbital Command  
  19  1:34  Reaper  
  20  1:41  Command Center  
  20  1:50  Supply Depot  
  20  1:56  SCV  
  21  2:06  Marine  
  22  2:10  SCV  
  22  2:11  Factory  
  23  2:23  SCV  
  24  2:30  Barracks Reactor  
  24  2:35  SCV  
  25  2:47  Command Center, SCV  
  25  3:00  Orbital Command  
  25  3:01  SCV  
  26  3:15  Barracks Tech Lab, Engineering Bay  
  26  3:16  Hellion x2, Engineering Bay  
  26  3:19  SCV  
  31  3:23  Refinery  
  31  3:27  SCV  
  32  3:32  SCV  
  32  3:34  Stimpack, Marine  
  34  3:42  Hellion  
  34  3:43  Hellion  
  34  3:46  SCV x2  
  40  3:52  Marine  
  41  4:00  Orbital Command  
  41  4:02  SCV x2  
  43  4:09  Terran Infantry Weapons Level 1, Terran Infantry Armor Level 1  
  43  4:14  SCV x2  
  45  4:17  Barracks  
  45  4:21  Factory Reactor, Barracks  
  45  4:23  Marine  
  46  4:30  SCV x2  
  46  4:31  SCV  
  49  4:36  Supply Depot  
  49  4:39  Starport  
  49  4:45  SCV x3  
  51  4:47  Refinery  
  51  4:49  Refinery  
  50  5:05  Barracks  
  46  5:07  Barracks  
  46  5:17  Factory Reactor  
  46  5:18  Marine x5  
  46  5:19  Starport Reactor  
  49  5:22  SCV x2  
  49  5:23  SCV  
  52  5:28  Supply Depot  
  52  5:29  Supply Depot  
  52  5:33  Armory  
  52  5:35  Marine  
  52  5:36  Combat Shields, Marine x4  
  52  5:39  SCV x2  
  59  5:48  Barracks  
  59  5:49  Barracks  
  59  5:51  Factory  
  59  5:55  Barracks Reactor x2  
  59  5:58  SCV x2  
  61  6:05  Medivac x2  
  61  6:10  Orbital Command  
  65  6:11  Marine  
  65  6:12  Marine x4  
  65  6:15  SCV x2  
  72  6:19  Supply Depot  
  72  6:20  Supply Depot  
  72  6:21  Widow Mine  
  72  6:22  Widow Mine  
  76  6:28  SCV  
  76  6:29  SCV  
  78  6:35  Factory Tech Lab  
  78  6:36  Barracks Tech Lab  
  78  6:37  Barracks Tech Lab, Medivac x2  
  78  6:38  Marine  
  78  6:39  Marine x2  
  85  6:40  Marine  
  85  6:43  SCV x2  
  85  6:44  SCV  
  89  6:48  Missile Turret  
  89  6:50  Missile Turret  
  89  6:51  Missile Turret  
  89  6:55  Marine x2  
  89  6:56  Marine  
  89  6:57  Concussive Shells  
  92  7:06  Marine x5  
  92  7:07  Marine x2  
  92  7:08  Marine  
  99  7:13  Terran Infantry Weapons Level 2  
  99  7:15  Terran Infantry Armor Level 2  
  100  7:28  Marine  
  100  7:29  Marine x7  
  108  7:35  Supply Depot, Marauder x2  
  112  7:40  Supply Depot  
  112  7:41  Terran Vehicle Weapons Level 1  
  112  7:43  Supply Depot  
  112  7:45  Marine  
  112  7:46  Marine x2  
  112  7:47  Marine x2  
  112  7:49  Drilling Claws  
  117  7:56  Marine  
  117  7:57  Supply Depot  
  117  7:58  Supply Depot  
  108  8:02  Marine x5  
  111  8:11  Marine x2  
  101  8:12  Marine  
  101  8:13  Marine x2  
  101  8:14  Marine  
  101  8:19  Marine  
  105  8:20  Medivac x2, Marine  
  111  8:27  Widow Mine  
  111  8:28  Widow Mine x2  
  94  8:41  Marine x5  
  94  8:42  Marine x5  
  80  8:52  Marine  
  66  8:59  Marine x4  
  66  9:00  Marine x5  
  66  9:10  Marine  
  66  9:17  Marine x4  
  66  9:18  Marine  
  70  9:26  Marine x4  
  70  9:27  Marine  
  75  9:34  Marine  
  75  9:35  Marine  
Tags
 
Add a new tag
Caveats
  • Supply blocks, unpowered buildings, or Contaminate may cause inaccurate times.
  • Supply counts are checked every 10 seconds.